[Event "WSTCC-65 2020"]
[Site "Prague"]
[Date "2020.03.09"]
[Round "4.22"]
[White "Baum, Bernd"]
[Black "Kradolfer, Georg"]
[Result "1-0"]
[ECO "A30"]
[WhiteElo "2249"]
[BlackElo "1991"]
[Annotator "ChessBase"]
[PlyCount "73"]
[EventDate "2020.03.06"]
[EventType "team-tourn"]
[EventCountry "CZE"]
[SourceTitle "playchess.com"]
[Source "ChessBase"]
[SourceQuality "1"]
[TimeControl "40/5400+30:1800+30"]

1. c4 c5 2. Nf3 Nf6 3. g3 Nc6 4. Bg2 d5 5. cxd5 Nxd5 6. Nc3 Nxc3 7. bxc3 e5 8. d3 Be7 9. O-O O-O 10. Rb1 Rb8 11. Nd2 Be6 12. Qa4 Bd7 13. Qc2 Qc7 14. Nc4 f6 15. f4 b5 16. Ne3 Be6 17. Nd5 Qd7 18. e4 Bd6 19. f5 Bf7 20. g4 c4 21. Be3 Bxd5 22. exd5 Ne7 23. dxc4 bxc4 24. Qf2 Rxb1 25. Rxb1 Rb8 26. Rxb8+ Bxb8 27. Qe2 h5 28. Qxc4 Kh8 29. h3 hxg4 30. hxg4 g5 31. Qa6 Kg7 32. c4 Qc8 33. Qxc8 Nxc8 34. c5 Kf7 35. d6 Ke8 36. Bc6+ Kd8 37. Bd2 1-0

[Event "WSTCC-65 2020"]
[Site "Prague"]
[Date "2020.03.09"]
[Round "4.23"]
[White "Illi, Hans-Joerg"]
[Black "Kierzek, Matthias"]
[Result "0-1"]
[ECO "B11"]
[WhiteElo "1960"]
[BlackElo "2217"]
[Annotator "ChessBase"]
[PlyCount "82"]
[EventDate "2020.03.06"]
[EventType "team-tourn"]
[EventCountry "CZE"]
[SourceTitle "playchess.com"]
[Source "ChessBase"]
[SourceQuality "1"]
[TimeControl "40/5400+30:1800+30"]

1. e4 c6 2. Nc3 d5 3. Nf3 Bg4 4. h3 Bxf3 5. Qxf3 e6 6. d4 Nf6 7. exd5 cxd5 8. Bb5+ Nc6 9. O-O Rc8 10. Ne2 Qb6 11. Bxc6+ Rxc6 12. c3 Be7 13. Nf4 O-O 14. Nd3 Ne4 15. Rd1 f6 16. Be3 Bd6 17. Qe2 Qc7 18. a3 f5 19. f4 Qe7 20. Ne5 Bxe5 21. dxe5 a6 22. Rd4 Rfc8 23. Rad1 b5 24. Kh2 Qh4 25. Qe1 Qh5 26. Bf2 Rc4 27. R1d3 h6 28. Bg3 Rxd4 29. Rxd4 Rc4 30. Rd3 Nxg3 31. Qxg3 Qe2 32. Re3 Qd2 33. Rf3 Kh7 34. h4 g6 35. h5 g5 36. Rf2 Qc1 37. fxg5 hxg5 38. Qd3 Rh4+ 39. Kg3 Kh6 40. Rxf5 exf5 41. Qxf5 Qe1+ 0-1

[Event "WSTCC-65 2020"]
[Site "Prague"]
[Date "2020.03.09"]
[Round "4.26"]
[White "Becker, Norbert"]
[Black "Sandmeier, Toni"]
[Result "1/2-1/2"]
[ECO "B08"]
[WhiteElo "2107"]
[BlackElo "2190"]
[Annotator "ChessBase"]
[PlyCount "40"]
[EventDate "2020.03.06"]
[EventType "team-tourn"]
[EventCountry "CZE"]
[SourceTitle "playchess.com"]
[Source "ChessBase"]
[SourceQuality "1"]
[TimeControl "40/5400+30:1800+30"]

1. Nf3 g6 2. e4 Nf6 3. Nc3 d6 4. d4 Bg7 5. Bf4 O-O 6. Qd2 c6 7. Bh6 b5 8. Bxg7 Kxg7 9. a3 a5 10. Bd3 Bg4 11. Qf4 Bxf3 12. Qxf3 Nbd7 13. O-O Qb6 14. Ne2 e5 15. c3 Rfe8 16. Bc2 c5 17. d5 c4 18. g4 h6 19. Ng3 Nh7 20. Kg2 Qd8 1/2-1/2

[Event "WSTCC-65 2020"]
[Site "Prague"]
[Date "2020.03.09"]
[Round "4.27"]
[White "Dekan, Hans"]
[Black "Mueller, Gerhard"]
[Result "1/2-1/2"]
[ECO "B92"]
[WhiteElo "2099"]
[BlackElo "2095"]
[Annotator "ChessBase"]
[PlyCount "37"]
[EventDate "2020.03.06"]
[EventType "team-tourn"]
[EventCountry "CZE"]
[SourceTitle "playchess.com"]
[Source "ChessBase"]
[SourceQuality "1"]
[TimeControl "40/5400+30:1800+30"]

1. e4 c5 2. Nf3 d6 3. d4 cxd4 4. Nxd4 Nf6 5. Nc3 a6 6. Be2 e5 7. Nb3 Be7 8. Bg5 Nbd7 9. Qd3 O-O 10. O-O-O b5 11. a4 b4 12. Bxf6 Nxf6 13. Nd5 Nxd5 14. Qxd5 Be6 15. Qa5 Bg5+ 16. Kb1 Bxb3 17. Qxd8 Bxc2+ 18. Kxc2 Rfxd8 19. Kb3 1/2-1/2

[Event "WSTCC-65 2020"]
[Site "Prague"]
[Date "2020.03.09"]
[Round "4.28"]
[White "Thoele, Wolfgang"]
[Black "Staub, Gerhard"]
[Result "1/2-1/2"]
[ECO "B24"]
[WhiteElo "1875"]
[BlackElo "1986"]
[Annotator "ChessBase"]
[PlyCount "43"]
[EventDate "2020.03.06"]
[EventType "team-tourn"]
[EventCountry "CZE"]
[SourceTitle "playchess.com"]
[Source "ChessBase"]
[SourceQuality "1"]
[TimeControl "40/5400+30:1800+30"]

1. e4 c5 2. Nc3 Nc6 3. d3 g6 4. Be3 d6 5. Qd2 Bg7 6. g3 b5 7. Bg2 b4 8. Nd1 Bb7 9. Ne2 e6 10. O-O Nge7 11. Bh6 O-O 12. Bxg7 Kxg7 13. Ne3 a5 14. f4 f5 15. exf5 Nxf5 16. Nxf5+ gxf5 17. Qe3 Qb6 18. c3 Rae8 19. d4 cxd4 20. Nxd4 Nxd4 21. Qxd4+ Qxd4+ 22. cxd4 1/2-1/2

[Event "WSTCC-65 2020"]
[Site "Prague"]
[Date "2020.03.09"]
[Round "4.29"]
[White "Rooze, Jan"]
[Black "Pribyl, Josef"]
[Result "1-0"]
[ECO "B08"]
[WhiteElo "2245"]
[BlackElo "2225"]
[Annotator "RC"]
[PlyCount "107"]
[EventDate "2020.03.06"]
[EventType "team-tourn"]
[EventCountry "CZE"]
[SourceTitle "playchess.com"]
[Source "ChessBase"]
[SourceQuality "1"]
[TimeControl "40/5400+30:1800+30"]

1. e4 d6 2. d4 Nf6 3. Nc3 g6 4. Nf3 Bg7 5. Be2 O-O 6. O-O c6 7. a4 a5 8. h3 Na6 9. Be3 Nb4 10. Qd2 Qc7 11. Rad1 Re8 12. Qc1 Bd7 13. Rfe1 Rad8 14. Bc4 Bc8 15. Bb3 e6 16. Bf4 Rd7 17. e5 Nfd5 18. exd6 Qd8 19. Be5 Nf6 20. Ne4 b6 21. Bxf6 Bxf6 22. Ne5 Rxd6 23. Nxd6 Qxd6 24. Qf4 Qe7 25. c3 Nd5 26. Qf3 Bb7 27. Bxd5 cxd5 28. Qd3 Qc7 29. Re3 Bg7 30. Rde1 f6 31. Nf3 e5 32. dxe5 fxe5 33. Qe2 e4 34. Nd4 Be5 35. Qb5 Re7 36. R3e2 Bh2+ 37. Kh1 Be5 38. Nc2 Bc6 39. Qb3 Kg7 40. Ne3 Rd7 41. Rd1 Qd8 42. Red2 Bf4 43. Rd4 Be5 44. Rxd5 Bxd5 45. Rxd5 Bc7 46. Qc4 Rxd5 47. Nxd5 Bd6 48. Qxe4 Qg5 49. g3 Bc5 50. Kg2 Qd2 51. Qe5+ Kg8 52. Nf6+ Kf7 53. Ne4 Qd7 54. Qf6+ 1-0

[Event "WSTCC-65 2020"]
[Site "Prague"]
[Date "2020.03.09"]
[Round "4.32"]
[White "Cesal, Jaroslav"]
[Black "Schrickx, Frank"]
[Result "0-1"]
[ECO "D37"]
[WhiteElo "2136"]
[BlackElo "1826"]
[Annotator "ChessBase"]
[PlyCount "52"]
[EventDate "2020.03.06"]
[EventType "team-tourn"]
[EventCountry "CZE"]
[SourceTitle "playchess.com"]
[Source "ChessBase"]
[SourceQuality "1"]
[TimeControl "40/5400+30:1800+30"]

1. d4 d5 2. Nf3 Nf6 3. c4 e6 4. Nc3 Be7 5. Bg5 c6 6. e3 Nbd7 7. Qc2 O-O 8. h3 h6 9. Bf4 b6 10. Bd3 Bb7 11. O-O dxc4 12. Bxc4 Nd5 13. Bg3 Nxc3 14. bxc3 c5 15. Rad1 Qc8 16. d5 exd5 17. Bxd5 Bxd5 18. Rxd5 Nf6 19. Rd2 Qb7 20. Ne5 Rad8 21. Rfd1 Rxd2 22. Rxd2 Rd8 23. Rxd8+ Bxd8 24. Qd3 Bc7 25. c4 Qe4 26. Kh2 Bxe5 0-1

[Event "WSTCC-65 2020"]
[Site "Prague"]
[Date "2020.03.09"]
[Round "4.33"]
[White "Waschk, Armin"]
[Black "Herzog, Adolf"]
[Result "0-1"]
[ECO "D37"]
[WhiteElo "2165"]
[BlackElo "2312"]
[Annotator "ChessBase"]
[PlyCount "100"]
[EventDate "2020.03.06"]
[EventType "team-tourn"]
[EventCountry "CZE"]
[SourceTitle "playchess.com"]
[Source "ChessBase"]
[SourceQuality "1"]
[TimeControl "40/5400+30:1800+30"]

1. d4 e6 2. c4 Nf6 3. Nf3 d5 4. Nc3 Be7 5. Bg5 Nbd7 6. e3 h6 7. Bh4 O-O 8. Rc1 b6 9. cxd5 exd5 10. Bd3 Bb7 11. O-O Ne4 12. Bxe7 Qxe7 13. Re1 Rfc8 14. Bb1 c5 15. Nd2 Ndf6 16. f3 Nxc3 17. bxc3 Re8 18. Nf1 Rac8 19. Qd3 g6 20. Qd2 Kg7 21. Bd3 Qd7 22. Qb2 Re7 23. Qa3 a6 24. Qb2 b5 25. a3 c4 26. Bb1 Rce8 27. Re2 Nh5 28. Rce1 Re6 29. g4 Nf6 30. Ng3 Qe7 31. Qd2 Qxa3 32. h4 Qd6 33. Rg2 R6e7 34. h5 Bc8 35. hxg6 fxg6 36. Qc2 Nh7 37. Nh5+ Kf7 38. e4 Ng5 39. e5 Qb6 40. Kh1 gxh5 41. f4 Ne4 42. Rxe4 dxe4 43. Qxe4 Rg8 44. f5 Rxg4 45. Rxg4 hxg4 46. d5 Bb7 47. e6+ Kf6 48. Qg2 Qe3 49. Be4 h5 50. Kh2 Qf4+ 0-1

[Event "WSTCC-65 2020"]
[Site "Prague"]
[Date "2020.03.09"]
[Round "4.34"]
[White "Singer, Hans"]
[Black "Luethke, Hans-Eckart"]
[Result "1-0"]
[ECO "D31"]
[WhiteElo "2168"]
[BlackElo "2091"]
[Annotator "NA"]
[PlyCount "53"]
[EventDate "2020.03.06"]
[EventType "team-tourn"]
[EventCountry "CZE"]
[SourceTitle "playchess.com"]
[Source "ChessBase"]
[SourceQuality "1"]
[TimeControl "40/5400+30:1800+30"]

1. c4 e6 2. Nc3 d5 3. d4 Be7 4. Nf3 c6 5. e4 dxe4 6. Nxe4 Nf6 7. Bd3 Nxe4 8. Bxe4 Nd7 9. O-O Nf6 10. Bc2 O-O 11. Qd3 c5 12. Bg5 g6 13. dxc5 Qc7 $18 (13... Qxd3 $16 {was necessary.} 14. Bxd3 Kg7) 14. Qc3 Ne8 15. Bxe7 Qxe7 16. b4 f6 17. Rad1 e5 18. Be4 Kg7 19. a3 Nc7 20. Rd6 Rb8 21. Rfd1 Be6 22. h3 Qf7 23. a4 Rfe8 24. b5 Re7 25. c6 bxc6 26. Rxc6 Ne8 27. Nxe5 1-0

[Event "WSTCC-65 2020"]
[Site "Prague"]
[Date "2020.03.09"]
[Round "4.35"]
[White "Schulz, Michael"]
[Black "Ager, Josef"]
[Result "0-1"]
[ECO "A45"]
[WhiteElo "2122"]
[BlackElo "2139"]
[Annotator "ChessBase"]
[PlyCount "80"]
[EventDate "2020.03.06"]
[EventType "team-tourn"]
[EventCountry "CZE"]
[SourceTitle "playchess.com"]
[Source "ChessBase"]
[SourceQuality "1"]
[TimeControl "40/5400+30:1800+30"]

1. d4 Nf6 2. Bg5 Ne4 3. Bf4 e6 4. e3 b6 5. f3 Nf6 6. e4 d5 7. e5 Ng8 8. c3 Ne7 9. Bg5 Qd7 10. Bd3 Ba6 11. Ne2 Bxd3 12. Qxd3 c5 13. O-O Nbc6 14. Bxe7 Bxe7 15. f4 g6 16. Nd2 c4 17. Qf3 b5 18. b4 a5 19. a4 axb4 20. axb5 Rxa1 21. Rxa1 Nd8 22. cxb4 Qxb5 23. Nc3 Qxb4 24. Rb1 Qa5 25. Rb5 Qa7 26. Qe3 Nc6 27. Nf3 Bb4 28. Kf2 Qa6 29. Rxb4 Nxb4 30. h3 h6 31. g4 Qa5 32. Kg3 Nd3 33. Ne2 Qb4 34. Kh2 Kd7 35. f5 g5 36. Nfg1 Qe1 37. Kh1 Ra8 38. Qf3 Qf2 39. Qxf2 Nxf2+ 40. Kg2 Ne4 0-1

[Event "WSTCC-65 2020"]
[Site "Prague"]
[Date "2020.03.09"]
[Round "4.36"]
[White "Danner, Lambert"]
[Black "Sager, Bernd"]
[Result "1-0"]
[ECO "D34"]
[WhiteElo "2022"]
[BlackElo "1920"]
[Annotator "ChessBase"]
[PlyCount "63"]
[EventDate "2020.03.06"]
[EventType "team-tourn"]
[EventCountry "CZE"]
[SourceTitle "playchess.com"]
[Source "ChessBase"]
[SourceQuality "1"]
[TimeControl "40/5400+30:1800+30"]

1. g3 d5 2. c4 e6 3. Bg2 Nf6 4. Nf3 Be7 5. O-O O-O 6. d4 c5 7. cxd5 exd5 8. Nc3 Nc6 9. dxc5 Bxc5 10. a3 Be6 11. b4 Be7 12. Bb2 a6 13. Nd4 Nxd4 14. Qxd4 Rc8 15. Rfd1 Rc4 16. Qxc4 dxc4 17. Rxd8 Rxd8 18. Bxb7 Rd2 19. Rb1 Bf5 20. e4 Bh3 21. Nd1 a5 22. Bc3 Rc2 23. bxa5 Bg4 24. Bxf6 gxf6 25. Ne3 Ra2 26. Nxg4 c3 27. Rc1 c2 28. Ne3 Rb2 29. Rxc2 Rxb7 30. Rc8+ Kg7 31. Nf5+ Kg6 32. Rg8+ 1-0

[Event "WSTCC-65 2020"]
[Site "Prague"]
[Date "2020.03.09"]
[Round "4.37"]
[White "Watzka, Horst"]
[Black "Klundt, Klaus"]
[Result "1/2-1/2"]
[ECO "B48"]
[WhiteElo "2166"]
[BlackElo "2299"]
[Annotator "ChessBase"]
[PlyCount "79"]
[EventDate "2020.03.06"]
[EventType "team-tourn"]
[EventCountry "CZE"]
[SourceTitle "playchess.com"]
[Source "ChessBase"]
[SourceQuality "1"]
[TimeControl "40/5400+30:1800+30"]

1. e4 c5 2. Nf3 e6 3. Nc3 Nc6 4. d4 cxd4 5. Nxd4 Qc7 6. Be3 a6 7. Qf3 b5 8. Nxc6 Qxc6 9. Bd3 Bb7 10. a3 Nf6 11. Bd4 Bc5 12. Bxc5 Qxc5 13. Qe2 e5 14. O-O-O O-O 15. g4 b4 16. axb4 Qxb4 17. g5 Ne8 18. Rhe1 Rb8 19. Bc4 Nd6 20. Bb3 Rfc8 21. Qd3 Nb5 22. Nxb5 axb5 23. Qe3 Ra8 24. Kb1 Qa5 25. c3 Bc6 26. Kc2 b4 27. Ra1 Qc7 28. Rxa8 Rxa8 29. f3 Ba4 30. Bxa4 Rxa4 31. Kb3 Qa5 32. Rc1 g6 33. Qd2 bxc3 34. Rxc3 Rb4+ 35. Kc2 Qa4+ 36. Kb1 Rd4 37. Rd3 Qc4 38. Rxd4 exd4 39. h4 Kf8 40. Qa5 1/2-1/2

[Event "WSTCC-65 2020"]
[Site "Prague"]
[Date "2020.03.09"]
[Round "4.38"]
[White "Kannenberg, Karl-Heinz"]
[Black "Kratschmer, Heinz"]
[Result "1-0"]
[ECO "A45"]
[WhiteElo "2118"]
[BlackElo "2037"]
[Annotator "ChessBase"]
[PlyCount "89"]
[EventDate "2020.03.06"]
[EventType "team-tourn"]
[EventCountry "CZE"]
[SourceTitle "playchess.com"]
[Source "ChessBase"]
[SourceQuality "1"]
[TimeControl "40/5400+30:1800+30"]

1. d4 Nf6 2. Bf4 g6 3. e3 Bg7 4. Nf3 d6 5. h3 O-O 6. Be2 c5 7. c3 cxd4 8. exd4 Nc6 9. O-O Bf5 10. Nbd2 Qb6 11. Nc4 Qc7 12. d5 Na5 13. Ne3 b6 14. Nxf5 gxf5 15. Nh4 Qd7 16. Qd3 Nb7 17. Bf3 Ne4 18. Bxe4 Nc5 19. Bxf5 Nxd3 20. Bxd7 Nxf4 21. Rad1 Rad8 22. Bc6 e5 23. Nf5 h5 24. Kh2 Kh7 25. g3 Ng6 26. Rfe1 Bf6 27. Re4 Ne7 28. Nxe7 Bxe7 29. Ra4 a5 30. b4 axb4 31. Rxb4 Rb8 32. Rdb1 Bd8 33. Ra4 Kg6 34. Ra7 f5 35. Rd7 Rf6 36. Rb4 f4 37. Ra4 b5 38. Rb4 fxg3+ 39. Kxg3 Ba5 40. Rxb5 h4+ 41. Kxh4 Rh8+ 42. Kg3 Bxc3 43. Rb3 Be1 44. Rf3 Rhf8 45. Rxd6 1-0

[Event "WSTCC-65 2020"]
[Site "Prague"]
[Date "2020.03.09"]
[Round "4.39"]
[White "Pitzl, Konstantinos"]
[Black "Krauseneck, Peter"]
[Result "1/2-1/2"]
[ECO "A04"]
[WhiteElo "2023"]
[BlackElo "2126"]
[Annotator "ChessBase"]
[PlyCount "25"]
[EventDate "2020.03.06"]
[EventType "team-tourn"]
[EventCountry "CZE"]
[SourceTitle "playchess.com"]
[Source "ChessBase"]
[SourceQuality "1"]
[TimeControl "40/5400+30:1800+30"]

1. Nf3 f5 2. d3 Nf6 3. e4 d6 4. Nc3 e5 5. exf5 Bxf5 6. d4 e4 7. Nh4 Qd7 8. d5 Be7 9. Nxf5 Qxf5 10. Be2 O-O 11. Be3 c6 12. g4 Qe5 13. Bd4 1/2-1/2

[Event "WSTCC-65 2020"]
[Site "Prague"]
[Date "2020.03.09"]
[Round "4.43"]
[White "Moen, Ole Christian"]
[Black "Rovira Mas, Jorge"]
[Result "1/2-1/2"]
[ECO "B06"]
[WhiteElo "2192"]
[BlackElo "2196"]
[Annotator "ChessBase"]
[PlyCount "71"]
[EventDate "2020.03.06"]
[EventType "team-tourn"]
[EventCountry "CZE"]
[SourceTitle "playchess.com"]
[Source "ChessBase"]
[SourceQuality "1"]
[TimeControl "40/5400+30:1800+30"]

1. e4 g6 2. d4 Bg7 3. f4 d6 4. Nf3 a6 5. c3 Nd7 6. Bc4 e6 7. O-O b5 8. Bb3 Nb6 9. f5 gxf5 10. exf5 d5 11. Bg5 Bf6 12. fxe6 Bxe6 13. Qd2 Qe7 14. Bxf6 Nxf6 15. Ne5 Ne4 16. Qf4 f6 17. Nd3 O-O-O 18. Nd2 f5 19. a4 bxa4 20. Bxa4 Qd6 21. Nxe4 fxe4 22. Nc5 Qxf4 23. Rxf4 Bd7 24. Bxd7+ Nxd7 25. Rxa6 Nxc5 26. dxc5 Kb7 27. Re6 Rhf8 28. Rf2 Ra8 29. g4 Rxf2 30. Kxf2 Ra2 31. c4 Rxb2+ 32. Ke3 Rb3+ 33. Kd2 dxc4 34. h4 Rd3+ 35. Kc2 e3 36. g5 1/2-1/2

[Event "WSTCC-65 2020"]
[Site "Prague"]
[Date "2020.03.09"]
[Round "4.44"]
[White "Saenz Forero, Fernando"]
[Black "Semakoff, Aleks"]
[Result "1/2-1/2"]
[ECO "A06"]
[WhiteElo "1524"]
[BlackElo "2012"]
[Annotator "ChessBase"]
[PlyCount "90"]
[EventDate "2020.03.06"]
[EventType "team-tourn"]
[EventCountry "CZE"]
[SourceTitle "playchess.com"]
[Source "ChessBase"]
[SourceQuality "1"]
[TimeControl "40/5400+30:1800+30"]

1. Nf3 d5 2. c3 Nf6 3. d3 Nc6 4. Qc2 e5 5. e4 Be7 6. Be2 O-O 7. Nbd2 a5 8. O-O h6 9. Re1 Re8 10. Nf1 Be6 11. Ng3 Qd7 12. Bf1 Rad8 13. Bd2 Bg4 14. Rad1 Bc5 15. Bc1 Qc8 16. Be2 d4 17. c4 Nb4 18. Qb1 a4 19. Bd2 Na6 20. Nh4 Bb4 21. Nhf5 Bxd2 22. Rxd2 Bxf5 23. Nxf5 Nc5 24. Rf1 Ne6 25. g3 Kh7 26. Qd1 g6 27. Nh4 a3 28. b3 Qd7 29. Ng2 Qe7 30. f4 exf4 31. Nxf4 Nxf4 32. Rxf4 Nd7 33. Qf1 Ne5 34. Bd1 Rf8 35. Rdf2 Kg7 36. Be2 Qg5 37. Kg2 h5 38. h3 Qe7 39. Rf6 Rd6 40. R6f4 Rdd8 41. Qc1 Qb4 42. Rf6 Nd7 43. R6f4 Qe7 44. Qd2 b6 45. R4f3 Ne5 1/2-1/2

[Event "WSTCC-65 2020"]
[Site "Prague"]
[Date "2020.03.09"]
[Round "4.45"]
[White "Boehnisch, Manfred"]
[Black "Lagerborg, Krister"]
[Result "1/2-1/2"]
[ECO "B50"]
[WhiteElo "2246"]
[BlackElo "2144"]
[Annotator "ChessBase"]
[PlyCount "81"]
[EventDate "2020.03.06"]
[EventType "team-tourn"]
[EventCountry "CZE"]
[SourceTitle "playchess.com"]
[Source "ChessBase"]
[SourceQuality "1"]
[TimeControl "40/5400+30:1800+30"]

1. e4 c5 2. Nf3 d6 3. c3 Nf6 4. Be2 g6 5. O-O Bg7 6. Re1 O-O 7. d3 Nc6 8. Nbd2 e5 9. Nc4 b5 10. Ne3 a6 11. a4 Rb8 12. axb5 axb5 13. Bf1 h6 14. Bd2 Be6 15. Qc1 Kh7 16. b4 Qb6 17. Qa3 cxb4 18. cxb4 Rfc8 19. Rec1 d5 20. exd5 Nxd5 21. Nxd5 Bxd5 22. Be3 Qb7 23. Nd2 e4 24. dxe4 Ra8 25. exd5 Rxa3 26. Rxa3 Nxb4 27. Rb1 Bf8 28. Ra5 Qd7 29. Rxb5 Nxd5 30. Ne4 Bg7 31. Rd1 Qe7 32. Ng5+ hxg5 33. Rbxd5 g4 34. g3 Rc7 35. Bd3 f5 36. Bb5 Qe4 37. Rd6 Be5 38. Rd7+ Rxd7 39. Rxd7+ Kg8 40. Bf1 Qc6 41. Ra7 1/2-1/2

[Event "WSTCC-65 2020"]
[Site "Prague"]
[Date "2020.03.09"]
[Round "4.46"]
[White "Svensson, Soren"]
[Black "Beltz, Robert"]
[Result "0-1"]
[ECO "A41"]
[WhiteElo "1868"]
[BlackElo "2158"]
[Annotator "ChessBase"]
[PlyCount "64"]
[EventDate "2020.03.06"]
[EventType "team-tourn"]
[EventCountry "CZE"]
[SourceTitle "playchess.com"]
[Source "ChessBase"]
[SourceQuality "1"]
[TimeControl "40/5400+30:1800+30"]

1. d4 d6 2. c4 f5 3. Nf3 Nf6 4. Nc3 g6 5. g3 Bg7 6. Bg2 O-O 7. O-O Qe8 8. d5 a5 9. Nd4 Na6 10. a3 Bd7 11. Rb1 a4 12. b4 axb3 13. Nxb3 Ng4 14. Bb2 Ne5 15. Nd2 Nc5 16. Nb5 Qc8 17. f4 Ng4 18. Rf3 e5 19. dxe6 Bc6 20. Qc1 Bxb2 21. Qxb2 Nxe6 22. Rc3 Bxg2 23. Kxg2 Qd7 24. Nf3 Nc5 25. Rcc1 Rfe8 26. h3 Ne3+ 27. Kh2 Ra4 28. Qd4 Re4 29. Qf6 Nxc4 30. Nc3 Re6 31. Qd4 Qc6 32. Ng5 Ne3 0-1

[Event "WSTCC-65 2020"]
[Site "Prague"]
[Date "2020.03.09"]
[Round "4.47"]
[White "Baumbach, Friedrich"]
[Black "Olsson, Torgny"]
[Result "1-0"]
[ECO "A56"]
[WhiteElo "2130"]
[BlackElo "1800"]
[Annotator "ChessBase"]
[PlyCount "83"]
[EventDate "2020.03.06"]
[EventType "team-tourn"]
[EventCountry "CZE"]
[SourceTitle "playchess.com"]
[Source "ChessBase"]
[SourceQuality "1"]
[TimeControl "40/5400+30:1800+30"]

1. d4 Nf6 2. c4 c5 3. Nf3 cxd4 4. Nxd4 Nc6 5. Nc3 Qb6 6. Nb3 e6 7. e3 Be7 8. Be2 O-O 9. O-O a6 10. e4 Qc7 11. Bg5 d6 12. Rc1 Re8 13. Qd2 Ne5 14. f3 b6 15. Rfd1 Rd8 16. Be3 Ned7 17. Bf1 Bb7 18. Qf2 Nc5 19. Nd4 Ncd7 20. b4 g6 21. Na4 Qb8 22. Nb3 b5 23. Nb6 Nxb6 24. Bxb6 Rf8 25. cxb5 d5 26. Bc7 Qc8 27. Be5 Qd8 28. Na5 Bc8 29. b6 Bd7 30. b7 Rb8 31. Bc7 Qe8 32. e5 Nh5 33. Qb6 Bd8 34. Bxa6 Bxc7 35. Rxc7 Nf4 36. g3 Nh3+ 37. Kg2 Ng5 38. h4 f6 39. hxg5 fxg5 40. Qe3 Qf7 41. Bb5 Rbd8 42. Nc6 1-0

[Event "WSTCC-65 2020"]
[Site "Prague"]
[Date "2020.03.09"]
[Round "4.48"]
[White "Andersson, Erik"]
[Black "Walther, Hans-Wolfgang"]
[Result "0-1"]
[ECO "A04"]
[WhiteElo "1607"]
[BlackElo "2111"]
[Annotator "ChessBase"]
[PlyCount "58"]
[EventDate "2020.03.06"]
[EventType "team-tourn"]
[EventCountry "CZE"]
[SourceTitle "playchess.com"]
[Source "ChessBase"]
[SourceQuality "1"]
[TimeControl "40/5400+30:1800+30"]

1. Nf3 f5 2. b3 e6 3. Bb2 Nf6 4. e3 b6 5. d4 Bb7 6. Be2 Bb4+ 7. c3 Be7 8. Nbd2 O-O 9. O-O Qe8 10. Ne5 d6 11. Bf3 c6 12. Nd3 d5 13. c4 Nbd7 14. b4 Bd6 15. Rc1 Ne4 16. Nb3 Rc8 17. a3 Bb8 18. Nd2 Ba6 19. Bxe4 fxe4 20. Ne1 Qg6 21. Qe2 Qh6 22. g3 Rf5 23. b5 Bb7 24. h4 cxb5 25. cxb5 Rcf8 26. Ng2 g5 27. h5 Rf3 28. Ne1 Qxh5 29. Kg2 Rxg3+ 0-1

[Event "WSTCC-65 2020"]
[Site "Prague"]
[Date "2020.03.10"]
[Round "5.8"]
[White "Mozny, Milos"]
[Black "Heinsohn, Guenther"]
[Result "1/2-1/2"]
[ECO "A49"]
[WhiteElo "2261"]
[BlackElo "2157"]
[Annotator "ChessBase"]
[PlyCount "37"]
[EventDate "2020.03.06"]
[EventType "team-tourn"]
[EventCountry "CZE"]
[SourceTitle "playchess.com"]
[Source "ChessBase"]
[SourceQuality "1"]
[TimeControl "40/5400+30:1800+30"]

1. d4 Nf6 2. Nf3 g6 3. g3 Bg7 4. c4 O-O 5. Bg2 c6 6. O-O d6 7. Nc3 Qb6 8. h3 Qa6 9. b3 b5 10. Nd2 Bb7 11. Bb2 Nbd7 12. Qc2 Qb6 13. e3 a6 14. Rac1 Rac8 15. Nce4 Nxe4 16. Qxe4 Rfe8 17. Qf3 Ba8 18. Qg4 Nf6 19. Qe2 1/2-1/2

[Event "WSTCC-65 2020"]
[Site "Prague"]
[Date "2020.03.10"]
[Round "5.12"]
[White "Herbrechtsmeier, Christof"]
[Black "Letzelter, Jean-Claude"]
[Result "0-1"]
[ECO "B13"]
[WhiteElo "2177"]
[BlackElo "2128"]
[Annotator "NA"]
[PlyCount "56"]
[EventDate "2020.03.06"]
[EventType "team-tourn"]
[EventCountry "CZE"]
[SourceTitle "playchess.com"]
[Source "ChessBase"]
[SourceQuality "1"]
[TimeControl "40/5400+30:1800+30"]

1. e4 c6 2. d4 d5 3. exd5 cxd5 4. Bd3 Nc6 5. c3 Nf6 6. h3 e6 7. Bf4 Bd6 8. Bxd6 Qxd6 9. Nf3 Ne4 {[%emt 0:06:02] B13: Caro-Kann: Exchange Variation and Panov-Botvinnik Attack.} 10. O-O O-O 11. Re1 f5 12. Ne5 Nxe5 13. dxe5 Qxe5 14. f3 Qg3 15. fxe4 fxe4 16. Bf1 Qf2+ 17. Kh1 Qxb2 {[%emt 0:00:04] [#]} 18. Nd2 $146 ({Predecessor:} 18. Qd2 Qb6 19. Qd4 Qb2 20. Qd2 Qxa1 21. Na3 Rxf1+ 22. Rxf1 Qxf1+ 23. Kh2 Bd7 {0-1 (23) Karacsony,Z (2064)-Runda,M (1930) Hungary 2013}) 18... Qxc3 19. Rc1 Qe5 20. Qb3 Rf2 21. Rc2 b6 22. Qa4 Bb7 23. Ba6 Qg5 $2 (23... Bxa6 $19 {has better winning chances.} 24. Qxa6 Raf8) 24. Rg1 Bxa6 ({Of course not} 24... Rxd2 $6 25. Bxb7 Rxc2 26. Bxa8 $11) 25. Nxe4 Rf4 $17 {[%emt 0:07:20] Pin} 26. Qxa6 dxe4 27. Rc8+ Rf8 28. Rxa8 Rxa8 0-1

[Event "WSTCC-65 2020"]
[Site "Prague"]
[Date "2020.03.10"]
[Round "5.15"]
[White "Salov, Sergej"]
[Black "Aragones-Melhem, Georgy"]
[Result "1-0"]
[ECO "C41"]
[WhiteElo "2135"]
[BlackElo "2106"]
[Annotator "ChessBase"]
[PlyCount "83"]
[EventDate "2020.03.06"]
[EventType "team-tourn"]
[EventCountry "CZE"]
[SourceTitle "playchess.com"]
[Source "ChessBase"]
[SourceQuality "1"]
[TimeControl "40/5400+30:1800+30"]

1. e4 d6 2. d4 e5 3. Nf3 exd4 4. Nxd4 Nf6 5. Nc3 Be7 6. g3 O-O 7. Bg2 Re8 8. O-O c6 9. h3 Qc7 10. Re1 Bf8 11. Bf4 g6 12. g4 Nbd7 13. a4 a5 14. Bg3 Qb6 15. Qd2 Ne5 16. b3 h5 17. g5 Nh7 18. f4 Nd7 19. Bf2 Qb4 20. Rad1 Nc5 21. Nde2 Bd7 22. Nc1 Rad8 23. Qd4 Ne6 24. Qxb4 axb4 25. N3e2 c5 26. h4 Bc6 27. f5 Nc7 28. Nf4 Kg7 29. Ncd3 f6 30. Nxg6 fxg5 31. Nxf8 Rxf8 32. hxg5 Nxg5 33. Bh4 Kh6 34. Nf4 Rg8 35. Kf2 Rdf8 36. Rxd6+ Kh7 37. Rg6 Nf7 38. Rxg8 Rxg8 39. Nxh5 Ne8 40. Nf6+ Nxf6 41. Bxf6 Nh6 42. Bf3 1-0